 Dungeon Crawl Stone Soup version 0.32-a0-643-ga006e7742e (webtiles) character file.

Game seed: 8262771703518808370

4458 croobank the Covert (level 10, -17/66 HPs)
             Began as an Octopode Summoner on Mar 7, 2024.
             Was a Believer of Kikubaaqudgha.
             Demolished by an ice beast (19 damage)
             ... on level 9 of the Dungeon on Mar 8, 2024.
             The game lasted 00:25:21 (9066 turns).

croobank the Covert (Octopode Summoner)             Turns: 9066, Time: 00:25:21

Health: -17/66     AC:  1    Str:  7    XL:     10   Next: 37%
Magic:  0/18       EV: 15    Int: 28    God:    Kikubaaqudgha [**....]
Gold:   403        SH:  0    Dex: 13    Spells: 6/20 levels left

rFire   + . .        n - +0 dagger (vamp)
rCold   x . .        (no shield)
rNeg    . . .        (helmet restricted)
rPois   .            m - amulet of guardian spirit
rElec   .            y - +6 ring of intelligence
rCorr   .            s - ring of flight
SInv    .            j - ring of fire
Will    .....        (no ring)
Stlth   +++++        (no ring)
HPRegen 0.31/turn    (no ring)
MPRegen 0.16/turn    (no ring)
                     (no ring)

%: guardian spirit
@: flying, inugami summoned
A: almost no armour, amphibious, 8 rings, camouflage 1, gelatinous body 1,
(nimble swimmer 1), tentacles
a: Renounce Religion, Unearth Wretches


You were on level 9 of the Dungeon.
You worshipped Kikubaaqudgha.
Kikubaaqudgha was pleased with you.
You visited 2 branches of the dungeon, and saw 10 of its levels.

You collected 469 gold pieces.
You spent 66 gold pieces at shops.

Inventory:

Hand Weapons
 a - a +3 hand axe
 e - a +3 dire flail of freezing
 k - a +3 scimitar
 n - a +0 vampiric dagger (weapon)
 v - a +0 morningstar
 C - a +6 dagger
Missiles
 f - 11 poisoned darts
 l - 3 silver javelins
Jewellery
 j - a ring of fire (on tentacle)
 m - an amulet of guardian spirit (around mantle)
 s - a ring of flight (right tentacle)
 y - a +6 ring of intelligence (left tentacle)
 A - a ring of ice
 D - a ring of magical power
Wands
 p - a wand of flame (31)
 w - a wand of roots (15)
Scrolls
 b - a scroll of identify
 c - a scroll of immolation {unknown}
 h - a scroll of vulnerability
 r - a scroll of acquirement {unknown}
 u - 3 scrolls of revelation
 x - 2 scrolls of noise
Potions
 g - 7 potions of curing
 o - 2 potions of ambrosia
 q - 2 potions of enlightenment
 t - a potion of attraction {unknown}
 z - 2 potions of lignification {unknown}
 E - a potion of might {unknown}


   Skills:
 + Level 5.0 Fighting
 + Level 6.2 Dodging
 + Level 8.8 Stealth
 + Level 5.7 Spellcasting
 + Level 7.1 Summonings
 + Level 1.8 Necromancy
 - Level 5.0 Fire Magic
 * Level 4.6 Air Magic


You had 6 spell levels left.
You knew the following spells:

 Your Spells              Type           Power      Damage    Failure   Level
a - Summon Small Mammal   Summ           100%       N/A       1%          1
b - Call Imp              Summ           94%        N/A       1%          2
c - Call Canine Familiar  Summ           47%        N/A       1%          3
d - Summon Blazeheart Go  Fire/Summ      58%        N/A       5%          4
e - Summon Lightning Spi  Summ/Air       40%        N/A       5%          4

Your spell library contained the following spells:

 Spells                   Type           Power      Damage    Failure   Level
 Necrotise                Necr           72%        1d7       3%          1
 Sublimation of Blood     Necr           18%        N/A       4%          2
 Fugue of the Fallen      Necr           18%        N/A       9%          3
 Vampiric Draining        Necr           18%        2d7       9%          3


Dungeon Overview and Level Annotations

Branches:
Dungeon (9/15)             Temple (1/1) D:6            Lair (0/5) D:8
    Orc: D:9-12

Altars:
Ashenzari
Cheibriados
Dithmenos
Elyvilon
Fedhas
Gozag
Hepliaklqana
Kikubaaqudgha
Makhleb
Nemelex Xobeh
Okawaru
Qazlal
Ru
Sif Muna
Trog
Uskayaw
Vehumet
Wu Jian
Xom
Yredelemnul
Zin
The Shining One

Shops:
D:2 !   D:5 *

Annotations:
D:2 1 runed translucent door, Crazy Yiuf


Innate Abilities, Weirdness & Mutations

You cannot wear most types of armour.
You are amphibious.
You can wear up to eight rings at the same time.
Your skin changes colour to match your surroundings (Stealth+).
Your rubbery body absorbs attacks. (AC +1, EV +1)
((You are camouflaged when in or above water. (Stealth+)))
You have tentacles for arms and can constrict up to eight enemies at once.


Message History

Your inugami barely misses the centaur.
Casting: Call Canine Familiar (safe; 1% risk of failure)
Confirm with . or Enter, or press ? or * to list all spells.
You feel a surge of power!
A fiery spirit appears, bound in slag iron.
The ufetubus misses you. The ufetubus completely misses you.
The centaur barely misses you. The centaur completely misses you. x2
The centaur kicks you.
* * * LOW HITPOINT WARNING * * *
The ice beast hits you but does no damage.
The ufetubus barely misses you. The ufetubus completely misses you.
Your inugami hits the centaur but does no damage.
The ufetubus slips past you! The ufetubus hits you.
* * * LOW HITPOINT WARNING * * *
The ufetubus hits you.
* * * LOW HITPOINT WARNING * * *
The centaur completely misses you.
The centaur kicks you but does no damage.
Your blazeheart golem punches the ufetubus.
The ice beast attacks as it pursues you!
The ice beast hits you.
* * * LOW HITPOINT WARNING * * *
The ice beast freezes you!
You feel a terrible chill!
* * * LOW HITPOINT WARNING * * *
Your inugami hits the centaur but does no damage.
Okay, then.
You feel better. The ufetubus hits you.
* * * LOW HITPOINT WARNING * * *
The ufetubus closely misses you. The centaur barely misses you.
The centaur misses you. The centaur hits you.
* * * LOW HITPOINT WARNING * * *
The centaur kicks you but does no damage.
Your inugami hits the centaur!
The centaur dies!
Kikubaaqudgha accepts your kill. The ice beast hits you.
* * * LOW HITPOINT WARNING * * *
The ice beast freezes you!!
You feel a terrible chill!
You die...
Kikubaaqudgha rasps: You have failed me!
Welcome... death!

#... #........... #...#
#..........?...... #...#
#................. #...#
#................. #...#
#..........?...... #...#
#.................
##.<.###.................
##...<.........95)h......
##..............@Y)......
....####..........#######
###.# #!.........# # #.#
#..........# # #.#
#..........# # #.#
#..........# # #.#
#..........# . #.#
#..........# # ..#


You could see an ice beast, an ufetubus, a friendly blazeheart golem (summoned)
and a friendly inugami (summoned).

Vanquished Creatures
  4 yaks (D:8)
  A wyvern (D:8)
  A wraith (D:7)
  A sky beast (D:7)
  An ogre (D:6)
  2 centaurs
  2 bullfrogs
  A gnoll sergeant (D:7)
  2 scorpions
  4 wights
  A howler monkey (D:6)
  An iguana (D:5)
  A sleepcap (D:6)
  3 orc wizards
  2 gnolls (D:6)
  3 adders
  2 shadow imps
  An ufetubus (D:7)
  4 orcs
  3 ball pythons
  3 endoplasms (D:3)
  2 giant cockroaches
  3 hobgoblins
  2 jackals (D:4)
  4 quokkas
  3 bats
  3 frilled lizards
  4 goblins
  3 rats (D:2)
67 creatures vanquished.

Vanquished Creatures (collateral kills)
  Maurice (D:8)
  2 yaks (D:8)
  A steam dragon (D:7)
  2 black bears
  3 ogres
  2 centaurs
  A phantom (D:5)
  2 nameless horrors
  6 wights
  3 killer bees (D:7)
  A bombardier beetle (D:4)
  A gnoll bouda (D:6)
  A hound (D:4)
  3 orc priests
  A jelly (D:8)
  3 sleepcaps
  Natasha (thrice) (D:2)
  Terence (D:2)
  An iguana (D:6)
  3 orc wizards (D:5)
  13 gnolls
  4 adders
  An ufetubus (D:7)
  A ribbon worm (D:2)
  8 orcs
  5 endoplasms
  A giant cockroach (D:2)
  5 goblins
  2 hobgoblins
  3 quokkas
  2 ball pythons
  3 bats
  2 frilled lizards
  5 kobolds
  2 rats
98 creatures vanquished.

Vanquished Creatures (others)
  14 blazeheart cores
14 creatures vanquished.

Grand Total: 179 creatures vanquished

Notes
Turn   | Place    | Note
-------+----------+-------------------------------------------
     0 | D:1      | croobank the Octopode Summoner began the quest for the Orb.
     0 | D:1      | Reached XP level 1. HP: 11/11 MP: 3/3
   328 | D:1      | Reached skill level 3 in Stealth
   328 | D:1      | Reached XP level 2. HP: 17/17 MP: 1/5
   331 | D:1      | Learned a level 2 spell: Call Imp
  1072 | D:2      | Noticed Natasha
  1092 | D:2      | Killed Natasha
  1093 | D:2      | Reached XP level 3. HP: 15/21 MP: 2/6
  1100 | D:2      | Learned a level 3 spell: Call Canine Familiar
  1193 | D:2      | Noticed Terence
  1216 | D:2      | Killed Terence
  1217 | D:2      | Reached XP level 4. HP: 12/27 MP: 1/7
  1487 | D:2      | Noticed Natasha
  1496 | D:2      | Killed Natasha
  1497 | D:2      | Reached skill level 4 in Stealth
  1584 | D:2      | Noticed Natasha
  1595 | D:2      | Killed Natasha
  1596 | D:2      | Reached XP level 5. HP: 3/31 MP: 3/9
  1739 | D:2      | Found a runed translucent door.
  1740 | D:2      | Noticed Crazy Yiuf
  1876 | D:2      | Found Zelipn's Distillery.
  1881 | D:2      | Bought a potion of curing for 39 gold pieces
  1881 | D:2      | Bought a potion of degeneration for 13 gold pieces
  3033 | D:4      | Reached XP level 6. HP: 36/36 MP: 3/10
  3367 | D:4      | Reached skill level 5 in Stealth
  3421 | D:4      | Found a shimmering altar of Xom.
  3560 | D:4      | Noticed a black bear
  3571 | D:4      | Killed a black bear
  3572 | D:4      | Reached skill level 1 in Fighting
  3572 | D:4      | Reached skill level 5 in Summonings
  3743 | D:4      | Learned a level 4 spell: Summon Blazeheart Golem
  4422 | D:5      | Entered Level 5 of the Dungeon
  4430 | D:5      | Found an ancient bone altar of Kikubaaqudgha.
  4454 | D:5      | Reached XP level 7. HP: 43/43 MP: 4/12
  4567 | D:5      | Reached skill level 1 in Fire Magic
  4697 | D:5      | Became a worshipper of Kikubaaqudgha
  4950 | D:5      | Found Idwix's General Store.
  4958 | D:5      | Bought a scroll of noise for 14 gold pieces
  5128 | D:5      | Reached skill level 6 in Stealth
  5233 | D:5      | Reached XP level 8. HP: 50/50 MP: 4/14
  6104 | D:6      | Reached * piety under Kikubaaqudgha
  6104 | D:6      | Received a gift from Kikubaaqudgha
  6177 | D:6      | Found a staircase to the Ecumenical Temple.
  6183 | Temple   | Entered the Ecumenical Temple
  6234 | D:6      | Reached skill level 5 in Dodging
  6234 | D:6      | Reached skill level 7 in Stealth
  6258 | D:6      | Reached XP level 9. HP: 57/57 MP: 8/16
  6593 | D:6      | Learned a level 4 spell: Summon Lightning Spire
  6821 | D:7      | Reached skill level 1 in Air Magic
  6967 | D:7      | Reached skill level 5 in Spellcasting
  7492 | D:7      | Reached skill level 5 in Fire Magic
  7651 | D:7      | Reached skill level 8 in Stealth
  8051 | D:8      | Found a staircase to the Lair.
  8056 | D:8      | Reached ** piety under Kikubaaqudgha
  8260 | D:8      | Reached XP level 10. HP: 65/65 MP: 5/18
  8271 | D:8      | Reached skill level 1 in Necromancy
  8470 | D:8      | Noticed Maurice
  8473 | D:8      | Something stole a +6 dagger
  8481 | D:8      | Killed Maurice
  8482 | D:8      | Reached skill level 5 in Fighting
  9065 | D:9      | HP: 3/66 [ice beast (5)]
  9066 | D:9      | Demolished by an ice beast

Illustrated notes

Levels and vault maps discovered:
D:1:      dpeg_arrival_central, layout_basic, st_stairs_9
D:2:      layout_rooms, serial_shops, nicolae_shop_rolling_square,
          uniq_crazy_yiuf_cottage, uniq_terence, uniq_natasha
D:3:      layout_rooms, kennysheep_crisscross
D:4:      nicolae_cairo_tiling_large, layout_loops_corners,
          mainiacjoe_overflow_brackets, serial_forest,
          infiniplex_forest_lined_room_2, infiniplex_forest_corner_1,
          infiniplex_forest_straight_2, infiniplex_forest_lined_2,
          infiniplex_forest_side_room, infiniplex_forest_straight_5,
          infiniplex_forest_straight_2, infiniplex_forest_straight_3
D:5:      layout_basic, lemuel_crystal_altar, serial_shops, nicolae_square_shop,
          guppyfry_early_orc_mine
D:6:      layout_basic, minmay_temple_entry_hall
D:7:      layout_gridville
D:8:      layout_cave_pods, dpeg_oklobed_lair, uniq_maurice
D:9:      layout_long_grid, erik_orc_2, serial_ice, serial_ice_d, serial_ice_i,
          serial_ice_b, serial_ice_o, serial_ice_f, serial_ice_a, serial_ice_c,
          lemuel_flamethrower_2, uniq_jeremiah
Temple:   nicolae_temple_bog_church

Skill      XL: |  1  2  3  4  5  6  7  8  9 10 |
---------------+-------------------------------+-----
Stealth        | 3 4 5 6 7 8 |  8.8
Dodging        | 3 4 5 6 |  6.2
Spellcasting   | 3 4 5 |  5.7
Fighting       | 1 2 3 4 5 |  5.0
Summonings     | 5 6 7 |  7.1
Fire Magic     | 2 4 5 |  5.0
Air Magic      | 3 4 |  4.6
Necromancy     | 1 |  1.8

Action                     |  1- 3 |  4- 6 |  7- 9 | 10-12 || total
---------------------------+-------+-------+-------+-------++-------
  Melee: Unarmed           |     5 |       |       |       ||     5
         Constrict         |     6 |    11 |    12 |     1 ||    30
         Tentacles         |     4 |     9 |    19 |     8 ||    40
         Dagger            |     7 |    38 |    66 |    20 ||   131
   Cast: Summon Small Mamm |    26 |    23 |    22 |       ||    71
         Call Imp          |     9 |    19 |    15 |       ||    43
         Call Canine Famil |     1 |    14 |    13 |     2 ||    30
         Summon Blazeheart |       |       |    17 |     3 ||    20
         Summon Lightning  |       |       |     8 |     4 ||    12
    Use: Potion            |     1 |       |     1 |     3 ||     5
         Scroll            |       |       |    16 |       ||    16
   Stab: Sleeping          |     3 |    14 |     8 |     2 ||    27
 Armour: Skin              |     7 |    22 |    47 |    41 ||   117
  Dodge: Dodged            |     7 |    35 |    77 |    71 ||   190

Table legend: (Time is in decaauts)
 A = Elapsed time spent in this place.
 B = Non-inter-level travel time spent in this place.
 C = Inter-level travel time spent in this place.
 D = Time resting spent in this place.
 E = Time spent auto-exploring this place.
 F = Levels seen in this place.
 G = Mean time per level.
                   A        B        C        D        E       F      G
               +--------+--------+--------+--------+--------+-----+--------+
         Total |   9068 |   8687 |    381 |   1355 |   5674 |  10 |  906.8 |
       Dungeon |   9066 |   8685 |    381 |   1355 |   5674 |   9 | 1007.3 |
        Temple |      1 |      1 |      0 |      0 |      0 |   1 |    1.0 |
               +--------+--------+--------+--------+--------+-----+--------+

Top non-repeatable levels by time:
     D:4: 1401 daAuts
     D:5: 1382 daAuts
     D:7: 1344 daAuts
     D:2: 1116 daAuts
     D:1: 1071 daAuts
     D:8: 1031 daAuts
     D:3: 830 daAuts
     D:6: 808 daAuts
     D:9: 79 daAuts
  Temple: 1 daAuts
